 Dungeon Crawl Stone Soup version 0.25-a0-614-g73ad250637 (webtiles) character file.

Game seed: 8326077270167225275, levelgen mode: deterministic

2067 ipx the Cleaver (level 9, -4/75 HPs)
             Began as a Hill Orc Fighter on Mar 17, 2020.
             Was a Follower of Trog.
             Slain by a hornet (13 damage)
             ... on level 8 of the Dungeon.
             The game lasted 00:37:41 (2729 turns).

ipx the Cleaver (Hill Orc Fighter)                  Turns: 2729, Time: 00:37:41

Health: -4/75      AC:  9    Str: 20    XL:     9   Next: 26%
Magic:  18/18      EV:  6    Int:  8    God:    Trog [*.....]
Gold:   279        SH: 11    Dex: 12    Spells: 8/8 levels left

rFire    . . .     SeeInvis .   a - +0 war axe
rCold    . . .     Gourm    +   c - +0 kite shield
rNeg     . . .     Faith    .   w - +0 chain mail
rPois    .         Spirit   .   (no helmet)
rElec    .         Reflect  .   (no cloak)
rCorr    .         Harm     .   (no gloves)
MR       .....                  (no boots)
Stlth    ..........             U - amulet of the gourmand
HPRegen  0.22/turn              P - ring of magical power
MPRegen  0.16/turn              (no ring)

@: mighty, lethally poisoned (-4 -> -10), berserk cooldown, slowed, very slow
A: no striking features
a: Berserk, Renounce Religion


You were on level 8 of the Dungeon.
You worshipped Trog.
Trog was aware of your devotion.
You were not hungry.

You visited 2 branches of the dungeon, and saw 11 of its levels.

You collected 279 gold pieces.

Inventory:

Hand Weapons
 a - a +0 war axe (weapon)
 b - a +1 hand axe of flaming
 B - a +3 flail
Missiles
 h - 31 poisoned darts (quivered)
Armour
 c - a +0 kite shield (worn)
 w - a +0 chain mail (worn)
 y - a +2 tower shield
 C - a +0 scale mail
Jewellery
 P - a ring of magical power (left hand)
 U - an amulet of the gourmand (around neck)
Scrolls
 e - 2 scrolls of teleportation
 i - a scroll of noise {unknown}
 l - 2 scrolls of magic mapping
 m - a scroll of remove curse
 n - a scroll of fog
 q - a scroll of enchant armour {unknown}
 u - a scroll of immolation {unknown}
 z - a scroll of blinking {unknown}
 A - a scroll of holy word {unknown}
Potions
 j - a potion of berserk rage
 k - a potion of flight
 o - a potion of stabbing {unknown}
 p - a potion of degeneration {unknown}
 r - a potion of brilliance
 t - a potion of lignification {unknown}
 x - a potion of haste {unknown}
Comestibles
 f - 9 rations


   Skills:
 - Level 6.1 Fighting
 - Level 10.1 Axes
 - Level 3.0 Throwing
 - Level 3.2 Armour
 + Level 8.8 Shields


You had 8 spell levels left.
You didn't know any spells.
Your spell library was empty.

Dungeon Overview and Level Annotations

Branches:
Dungeon (10/15)            Temple (1/1) D:6
   Lair: D:8-11         Orc: D:9-12

Altars:
Ashenzari
Hepliaklqana
Kikubaaqudgha
Nemelex Xobeh
Trog
Wu Jian

Shops:
D:8 :

Annotations:
D:9 3 runed translucent doors, Tenz's ghost, journeyman HOFi; Thantalas's ghost, novice GrMo


Message History

You feel better. The hornet completely misses you.
You block the hornet's attack.
You aren't carrying any items that you can evoke.
Okay, then.
Unknown command.
You feel much better. The hornet stings you!
* * * LOW HITPOINT WARNING * * *
You feel as though you will be slow longer.
The hornet stings you!
* * * LOW HITPOINT WARNING * * *
You are poisoned.
You feel as though you will be slow longer.
You feel very mighty all of a sudden.
You feel sick. The hornet barely misses you.
The howler monkey hoots and howls with incredible vigour!
You block the hornet's attack.
You miss the hornet.
The hornet is moderately wounded.
You feel sick. The hornet stings you!
You die...

#..###.#♣..♣ ♣..♣
###.####.#♣..♣ ♣..♣
#........#♣..♣ ♣..♣
.........#♣..♣ ♣..♣
.........#♣..♣ ♣..♣
.........#♣..♣♣♣♣♣♣♣..♣
.........#♣...........♣ .
.........#♣...........♣ ..
.........#♣♣♣♣♣♣@♣♣♣♣♣♣ ..!
.........#######y#######....
..........).).#.h##.........
...#######.##))(###.........
..## #...⌠.⌠####.....((. ###
####.∩.##.h{(....#.
#⌠.⌠..h########
.................
#.#########.######


You could see a hornet and a howler monkey.

Vanquished Creatures
  A hippogriff (D:7)
  A water moccasin (D:8)
  3 sky beasts
  An orc warrior (D:6)
  An ice beast (D:6)
  An ogre (D:5)
  A crocodile (D:7)
  A big kobold (D:9)
  2 bullfrogs
  Blork the orc (D:6)
  A scorpion (D:7)
  4 wights (D:8)
  A howler monkey (D:8)
  A centaur zombie (D:6)
  A bullfrog zombie (D:5)
  2 hounds
  A crimson imp (D:5)
  2 orc wizards
  A bullfrog skeleton (D:4)
  5 orc priests
  4 worker ants
  7 adders
  A shadow imp (D:5)
  2 worms
  A dart slug (D:2)
  2 leopard geckos
  13 orcs
  3 bats
  6 giant cockroaches
  5 goblins
  8 hobgoblins
  5 jackals
  11 kobolds
  A quokka (D:2)
  A ball python (D:1)
  5 frilled lizards
  A leopard gecko zombie (D:5)
  2 quokka skeletons
  A quokka zombie (D:8)
  2 rats
113 creatures vanquished.

Notes
Turn   | Place    | Note
-------+----------+-------------------------------------------
     0 | D:1      | ipx the Hill Orc Fighter began the quest for the Orb.
     0 | D:1      | Reached XP level 1. HP: 19/19 MP: 1/1
    11 | D:2      | Reached skill level 3 in Axes
   105 | D:1      | Found a shattered altar of Ashenzari.
   121 | D:1      | Reached XP level 2. HP: 26/26 MP: 2/2
   201 | D:2      | Reached skill level 4 in Axes
   339 | D:2      | Found a sparkling altar of Nemelex Xobeh.
   352 | D:2      | Reached XP level 3. HP: 31/31 MP: 3/3
   584 | D:2      | Reached skill level 5 in Axes
   617 | D:2      | Found an ancient bone altar of Kikubaaqudgha.
   617 | D:2      | Found an ornate altar of the Wu Jian Council.
   618 | D:2      | Found a hazy altar of Hepliaklqana.
   730 | D:3      | Reached skill level 1 in Throwing
   780 | D:3      | Reached XP level 4. HP: 25/39 MP: 4/4
   887 | D:4      | Reached XP level 5. HP: 39/45 MP: 5/5
   971 | D:4      | Reached skill level 6 in Axes
  1046 | D:5      | Entered Level 5 of the Dungeon
  1165 | D:4      | Reached XP level 6. HP: 36/52 MP: 6/6
  1230 | D:4      | Noticed a phantom
  1237 | D:5      | Noticed a sky beast
  1462 | D:5      | Killed a sky beast
  1462 | D:5      | Reached skill level 7 in Axes
  1462 | D:5      | Reached XP level 7. HP: 34/60 MP: 7/7
  1507 | D:5      | Found an ornate altar of the Wu Jian Council.
  1516 | D:5      | Reached skill level 5 in Fighting
  1750 | D:6      | Reached skill level 8 in Axes
  1835 | D:7      | Noticed a hippogriff
  1846 | D:7      | Killed a hippogriff
  1846 | D:7      | Reached XP level 8. HP: 55/70 MP: 8/8
  1968 | D:6      | Reached skill level 9 in Axes
  2049 | D:6      | Noticed Blork the orc
  2060 | D:6      | Killed Blork the orc
  2086 | D:6      | Found a staircase to the Ecumenical Temple.
  2092 | Temple   | Entered the Ecumenical Temple
  2101 | Temple   | Became a worshipper of Trog the Wrathful
  2161 | D:6      | Reached skill level 5 in Shields
  2340 | D:9      | Reached skill level 10 in Axes
  2384 | D:9      | Found a runed translucent gate.
  2384 | D:9      | Found a runed translucent gate.
  2384 | D:9      | Found a runed translucent gate.
  2385 | D:9      | Noticed Thantalas's ghost (novice GrMo)
  2385 | D:9      | Noticed Tenz's ghost (journeyman HOFi)
  2400 | D:10     | Entered Level 10 of the Dungeon
  2400 | D:10     | Noticed a troll
  2549 | D:8      | Found Zetzahykk's Book Shoppe.
  2570 | D:8      | Reached * piety under Trog
  2579 | D:8      | Reached XP level 9. HP: 69/75 MP: 9/9
  2700 | D:8      | Noticed a hornet
  2714 | D:8      | Paralysed by a hornet for 2 turns
  2722 | D:8      | Paralysed by a hornet for 3 turns
  2729 | D:8      | Slain by a hornet

Levels and vault maps discovered:
D:1:      dpeg_arrival_fog, layout_basic, nicolae_ashenzari_panopticon
D:2:      layout_rooms, nemelex_xobeh_ov_fountains_minmay,
          gammafunk_temple_overflow_claw
D:3:      layout_rooms, lemuel_doored_altar, gammafunk_temple_overflow_wave
D:4:      layout_gridville
D:5:      layout_rooms, first_ration, basic_altar, uniq_eustachio
D:6:      layout_basic, minmay_temple_entry_fiery, uniq_blork_the_orc,
          uniq_sigmund
D:7:      layout_cave_pools, overflow_temple_1_default, centaur_isle
D:8:      layout_rooms, serial_shops, shop_fountains, grunt_pizzeria,
          chequers_serial_rivers_small_a, small_chamber_with_monster,
          kennysheep_path_1
D:9:      layout_rooms, gammafunk_ghost_cemetery, minivault_16
D:10:     layout_stronghold, orc_0_dummy, uniq_joseph, uniq_fannar
Temple:   minmay_temple_curvy_branch

Skill      XL: |  1  2  3  4  5  6  7  8  9 |
---------------+----------------------------+-----
Axes           | 3 4 5 6 7 8 10 | 10.1
Throwing       | 1 2 3 |  3.0
Fighting       | 4 5 6 |  6.1
Shields        | 4 7 8 |  8.8
Armour         | |  3.2

Action                   |  1- 3 |  4- 6 |  7- 9 || total
-------------------------+-------+-------+-------++-------
Melee: War axe           |   123 |    92 |   250 ||   465
Throw: Javelin           |     3 |     4 |    17 ||    24
       Dart              |     2 |    22 |    18 ||    42
       Throwing net      |       |     2 |     2 ||     4
Invok: Berserk           |       |       |     2 ||     2
Evoke: Wand              |     1 |     5 |       ||     6
  Use: Scroll            |       |       |     6 ||     6
       Potion            |       |       |     8 ||     8
  Eat: Chunk             |       |     5 |     7 ||    12
Armor: Scale mail        |    43 |    48 |     7 ||    98
       Chain mail        |       |       |   100 ||   100
Dodge: Dodged            |    31 |    24 |    43 ||    98
Block: Kite shield       |    60 |    37 |   128 ||   225

Table legend:
 A = Non-vault XP
 B = Vault XP
 C = Vault XP percentage of total XP
 D = Non-vault monster count
 E = Vault monster count
 F = Vault count percentage of total count
                 A         B        C        D         E       F
            +---------+---------+-------+---------+---------+-------
      Total |    2869 |      85 |   2.9 |     112 |       1 |   0.9
            +---------+---------+-------+---------+---------+-------
        D:1 |      14 |       0 |   0.0 |       8 |       0 |   0.0
        D:2 |      55 |       0 |   0.0 |      22 |       0 |   0.0
        D:3 |      18 |       0 |   0.0 |      10 |       0 |   0.0
        D:4 |     257 |       0 |   0.0 |      15 |       0 |   0.0
        D:5 |     444 |       0 |   0.0 |      12 |       0 |   0.0
        D:6 |     408 |      85 |  17.2 |       6 |       1 |  14.3
        D:7 |     451 |       0 |   0.0 |       8 |       0 |   0.0
        D:8 |     769 |       0 |   0.0 |      24 |       0 |   0.0
        D:9 |     410 |       0 |   0.0 |       6 |       0 |   0.0
       D:10 |      43 |       0 |   0.0 |       1 |       0 |   0.0
            +---------+---------+-------+---------+---------+-------
